 Dungeon Crawl Stone Soup version 0.26-a0-958-gf3041fb45f (webtiles) character file.

Game seed: 13439972486902283795

697 Snarg the Slasher (level 7, -6/60 HPs)
             Began as a Palentonga Warper on Dec 1, 2020.
             Mangled by an ice beast (16 damage)
             ... on level 6 of the Dungeon.
             The game lasted 00:24:34 (7189 turns).

Snarg the Slasher (Palentonga Warper)               Turns: 7189, Time: 00:24:34

Health: -6/60      AC: 17    Str: 17    XL:     7   Next: 38%
Magic:  2/19       EV:  9    Int: 13    God:
Gold:   313        SH:  0    Dex:  9    Spells: 5/10 levels left

rFire    + . .     SeeInvis +   a - +0 long sword
rCold    x . .     Faith    +   (no shield)
rNeg     . . .     Spirit   .   M - +0 leather armour (curse)
rPois    .         Reflect  .   x - +2 helmet "Zesm" {+Fly}
rElec    .         Harm     .   u - +0 cloak
rCorr    .         Rampage  .   A - +0 pair of gloves
MR       .....                  (no barding)
Stlth    +.........             n - amulet of faith
HPRegen  0.20/turn              o - ring of fire
MPRegen  0.16/turn              B - ring of magical power

@: curled up
A: large, rugged brown scales 3, see invisible, deformed body, roll 1, armoured
tail, reflexive curl
a: Rolling Charge, Evoke Flight


You were on level 6 of the Dungeon.
You visited 1 branch of the dungeon, and saw 6 of its levels.

You collected 313 gold pieces.

Inventory:

Hand Weapons
 a - a +0 long sword (weapon)
 b - a +0 falchion
 D - a +4 quarterstaff of chaos
Missiles
 c - 165 stones (quivered)
 e - 4 boomerangs of dispersal
 m - 4 atropa-tipped darts
 s - 6 boomerangs
 t - 15 poisoned darts
 L - 4 datura-tipped darts
Armour
 r - a cursed +0 tower shield
 u - a +0 cloak (worn)
 x - the +2 helmet "Zesm" (worn) {+Fly}
   (You took it off Robin on level 3 of the Dungeon)

   It lets you fly.
 A - a +0 pair of gloves (worn)
 F - a +0 leather armour
 M - a cursed +0 leather armour (worn)
Jewellery
 n - an amulet of faith (around neck)
 o - a ring of fire (left hand)
 B - a ring of magical power (right hand)
 I - a +6 ring of dexterity {unknown}
Wands
 E - a wand of polymorph (9)
 K - a wand of digging (7)
Scrolls
 d - a scroll of blinking
 g - 5 scrolls of teleportation
 h - a scroll of magic mapping {unknown}
 i - a scroll of enchant armour {unknown}
 l - a scroll of fear
 q - a scroll of random uselessness {unknown}
 v - a scroll of remove curse
 y - a scroll of fog {unknown}
 C - 3 scrolls of amnesia
 J - a scroll of enchant weapon {unknown}
Potions
 f - 3 potions of cancellation
 j - 2 potions of invisibility
 k - a potion of lignification {unknown}
 p - 2 potions of flight
 w - 2 potions of resistance
 z - 3 potions of curing {unknown}
 G - 2 potions of attraction {unknown}
 H - 2 potions of heal wounds {unknown}


   Skills:
 - Level 3.0 Fighting
 + Level 5.5 Long Blades
 - Level 1.0 Throwing
 * Level 3.2 Armour
 - Level 2.0 Dodging
 - Level 0.1 Stealth
 - Level 2.0 Spellcasting
 * Level 4.4 Translocations
 - Level 1.0 Evocations


You had 5 spell levels left.
You knew the following spells:

 Your Spells              Type           Power        Failure   Level
a - Blink                 Tloc           N/A          8%          2
b - Teleport Other        Tloc           ##......     14%         3

Your spell library contained the following spells:

 Spells                   Type           Power        Failure   Level
 Gell's Gravitas          Tloc           ##........   14%         3
 Lesser Beckoning         Tloc           ##........   14%         3
 Foxfire                  Conj/Fire      #...         30%         1
 Passage of Golubria      Tloc           N/A          43%         4
 Conjure Flame            Conj/Fire      #.......     65%         3
 Inner Flame              Hex/Fire       #.......     65%         3
 Sticky Flame             Conj/Fire      #.......     96%         4
 Fireball                 Conj/Fire      #.........   100%        5


Dungeon Overview and Level Annotations

Branches:
Dungeon (6/15)
 Temple: D:4-7

Altars:
Fedhas
Gozag
Makhleb
Nemelex Xobeh
Okawaru
Uskayaw
Zin

Shops:
D:2 *   D:4 =

Annotations:
D:1 clr
D:2 clr
D:3 clr, exclusion: downstairs
D:4 Blork the orc
D:5 clr


Innate Abilities, Weirdness & Mutations

You are completely covered in rugged brown scales. (AC +3, +7% HP)
You have supernaturally acute eyesight. (SInv)
Armour fits poorly on your strangely shaped body.
You can roll at nearby foes to attack.
You have a long armoured tail.
You curl defensively after being hit.


Message History

Your magical contamination has completely faded away.
Casting: Blink (safe; 8% risk of failure)
Confirm with . or Enter, or press ? or * to list all spells.
You blink.
Casting: Blink (safe; 8% risk of failure)
Confirm with . or Enter, or press ? or * to list all spells.
You blink.
The ice beast barely misses you.
Casting: Blink (safe; 8% risk of failure)
Confirm with . or Enter, or press ? or * to list all spells.
You blink.
Roll where?
Press: ? - help, Dir - move target, f/p - ice beast
Aim: an ice beast (almost dead)
You roll forward with a clatter of scales!
You closely miss the ice beast.
The ice beast is almost dead.
The ice beast closely misses you. The ice beast hits you.
* * * LOW HITPOINT WARNING * * *
The ice beast freezes you!
You feel a terrible chill!
You die...

#.## ### ### #.. ..# #..
#.# #.# #.# #.# #.# #.#
##.## #.# #####<# ##...#
#.# #......
####....###.###.##...
+โ—‹โ—‹....[.............
###โ—‹@.....#.###.##...
#..Y.#....# #.##..#
#...(...### #.##.##
###.ยง(### #.##.## #+#
#...# #...... #.# ##.##
####.## #.# #.# #.# ##.##
#.# #####.## ##...## #.#
#...[...


You could see an ice beast.

Vanquished Creatures
  A black bear (D:6)
  An ogre (D:6)
  A bullfrog (D:6)
  A bullfrog zombie (D:3)
  Crazy Yiuf (D:3)
  A hound (D:2)
  4 orc wizards
  An iguana (D:5)
  Ijyb (D:3)
  Robin (D:3)
  A gnoll (D:2)
  7 adders
  A shadow imp (D:6)
  2 oozes
  3 worms
  3 dart slugs (D:1)
  3 leopard geckos
  4 orcs
  3 ball pythons
  2 giant cockroaches
  15 goblins
  10 hobgoblins
  10 jackals
  6 kobolds
  3 bats
  6 frilled lizards
  A jackal zombie (D:5)
  3 rats
96 creatures vanquished.

Notes
Turn   | Place    | Note
-------+----------+-------------------------------------------
     0 | D:1      | Snarg the Palentonga Warper began the quest for the Orb.
     0 | D:1      | Reached XP level 1. HP: 18/18 MP: 3/3
    42 | D:1      | You fall into a shaft and drop 1 floor!
    42 | D:2      | Found an opulent altar of Gozag.
    42 | D:2      | Found Gozag's Platinum Reserve.
   158 | D:1      | Reached XP level 2. HP: 19/25 MP: 5/5
   162 | D:1      | Learned a level 2 spell: Blink
   314 | D:1      | Reached skill level 1 in Armour
   756 | D:1      | Reached XP level 3. HP: 31/31 MP: 6/6
  1648 | D:2      | Reached skill level 3 in Long Blades
  2001 | D:2      | Found a burning altar of Makhleb.
  2010 | D:2      | Reached XP level 4. HP: 29/39 MP: 7/7
  2801 | D:2      | Found an iron altar of Okawaru.
  2837 | D:3      | Noticed a sky beast
  2976 | D:3      | Learned a level 3 spell: Teleport Other
  3036 | D:3      | Reached skill level 1 in Throwing
  3036 | D:3      | Reached XP level 5. HP: 32/44 MP: 8/8
  3333 | D:3      | Found a hide-covered altar of Uskayaw.
  3369 | D:3      | Found a sparkling altar of Nemelex Xobeh.
  3888 | D:3      | Identified the +2 helmet "Zesm" {+Fly}
  3888 | D:3      | Noticed Robin
  3892 | D:3      | Killed Robin
  4104 | D:3      | Found a runed translucent door.
  4105 | D:3      | Noticed Crazy Yiuf
  4292 | D:3      | Killed Crazy Yiuf
  4293 | D:3      | Reached skill level 4 in Long Blades
  4444 | D:4      | Noticed Ijyb
  4444 | D:4      | Noticed Blork the orc
  4444 | D:4      | Noticed a lemure
  4451 | D:3      | Killed Ijyb
  4517 | D:3      | Reached XP level 6. HP: 42/53 MP: 9/9
  4595 | D:3      | Reached skill level 1 in Evocations
  4625 | D:4      | Found Ysmu Icaoll's Jewellery Boutique.
  4919 | D:4      | Found a glowing silver altar of Zin.
  5257 | D:5      | Entered Level 5 of the Dungeon
  5350 | D:5      | Found a blossoming altar of Fedhas.
  6801 | D:6      | Reached skill level 5 in Long Blades
  6801 | D:6      | Gained mutation: You curl defensively after being hit.
                  | [Palentonga growth]
  6801 | D:6      | Reached XP level 7. HP: 40/60 MP: 10/10
  7189 | D:6      | Mangled by an ice beast

Illustrated notes

Levels and vault maps discovered:
D:1:      zelgadis_glass_arrival_small, layout_loops_corners,
          minmay_misc_feat_pillars, chequers_serial_rivers_micro_b
D:2:      layout_loops_ring, nicolae_gozag_zags_fifth_avenue,
          makhleb_blood_cavern_becter, okawaru_altar_gauntlet_db
D:3:      layout_loops_cross, general_overflow_altar,
          nemelex_xobeh_ov_fountains_minmay, uniq_robin, uniq_crazy_yiuf_cottage
D:4:      layout_cave_pools, zin_treasury, serial_shops, shop, uniq_ijyb,
          uniq_blork_the_orc, uniq_pikel
D:5:      layout_basic, lemuel_crystal_altar
D:6:      layout_loops_corners, temple_fountains, roderic_roman_lattice,
          corexii_item_surrounded_by_moat

Skill      XL: |  1  2  3  4  5  6  7 |
---------------+----------------------+-----
Armour         | 1 2 3 |  3.2
Long Blades    | 3 4 5 |  5.5
Throwing       | 1 |  1.0
Dodging        | 2 |  2.0
Evocations     | 1 |  1.0
Fighting       | 3 |  3.0
Translocations | 4 |  4.4
Stealth        | |  0.1
Spellcasting   | |  2.0

Action                   |  1- 3 |  4- 6 |  7- 9 || total
-------------------------+-------+-------+-------++-------
Melee: Falchion          |   105 |   154 |       ||   259
       Tailslap          |     8 |    27 |     5 ||    40
       Unarmed           |       |     2 |       ||     2
       Long sword        |       |    69 |    20 ||    89
Throw: Stone             |     4 |     6 |     1 ||    11
       Dart              |       |    16 |     8 ||    24
       Boomerang         |       |     1 |       ||     1
 Cast: Blink             |     3 |    10 |    13 ||    26
 Abil: Rolling Charge    |    13 |    28 |     7 ||    48
Evoke: Wand              |       |     1 |       ||     1
  Use: Scroll            |       |    10 |       ||    10
 Stab: Invisible         |       |     2 |       ||     2
Armor: Leather armour    |    29 |    95 |     8 ||   132
       Skin              |       |     1 |       ||     1
Dodge: Dodged            |    53 |   106 |    15 ||   174
       Rpst.: Falchion   |    22 |    25 |       ||    47
       Long sword        |       |    10 |     2 ||    12

Table legend: (Time is in decaauts)
 A = Elapsed time spent in this place.
 B = Non-inter-level travel time spent in this place.
 C = Inter-level travel time spent in this place.
 D = Time resting spent in this place.
 E = Time spent auto-exploring this place.
 F = Levels seen in this place.
 G = Mean time per level.
                   A        B        C        D        E       F      G
               +--------+--------+--------+--------+--------+-----+--------+
         Total |   7255 |   6904 |    351 |   1579 |   4159 |   6 | 1209.2 |
       Dungeon |   7255 |   6904 |    351 |   1579 |   4159 |   6 | 1209.2 |
               +--------+--------+--------+--------+--------+-----+--------+

Top non-repeatable levels by time:
     D:3: 1898 daAuts
     D:1: 1543 daAuts
     D:2: 1377 daAuts
     D:5: 1220 daAuts
     D:6: 710 daAuts
     D:4: 505 daAuts
